Workbook

Sheet Resumo
A1: Planilha salão de beleza — Resumo
A2: Indicadores calculados a partir dos registros. O saldo simples compara recebimentos informados aos pagamentos registrados.
A4: Início do período | B4: ='Parâmetros'!$B$5 | C4: Fim do período | D4: ='Parâmetros'!$B$6 | E4: Atualizado na abertura | F4: =TODAY()
A6: Financeiro | B6: Valor | C6: Agenda | D6: Quantidade | E6: Estoque e conferências | F6: Valor
A7: Faturamento concluído | B7: =IFERROR(SUMIFS(Atendimentos!$K$7:$K$126,Atendimentos!$B$7:$B$126,">="&$B$4,Atendimentos!$B$7:$B$126,"<="&$D$4,Atendimentos!$G$7:$G$126,"Concluído"),0) | C7: Agendados no período | D7: =IFERROR(COUNTIFS(Atendimentos!$B$7:$B$126,">="&$B$4,Atendimentos!$B$7:$B$126,"<="&$D$4,Atendimentos!$G$7:$G$126,"Agendado"),0) | E7: Valor atual em estoque | F7: =IFERROR(SUM(Estoque!$H$7:$H$126),0)
A8: Recebido nos atendimentos | B8: =IFERROR(SUMIFS(Atendimentos!$L$7:$L$126,Atendimentos!$B$7:$B$126,">="&$B$4,Atendimentos!$B$7:$B$126,"<="&$D$4,Atendimentos!$G$7:$G$126,"Concluído"),0) | C8: Concluídos no período | D8: =IFERROR(COUNTIFS(Atendimentos!$B$7:$B$126,">="&$B$4,Atendimentos!$B$7:$B$126,"<="&$D$4,Atendimentos!$G$7:$G$126,"Concluído"),0) | E8: Itens marcados para repor | F8: =IFERROR(COUNTIF(Estoque!$J$7:$J$126,"Repor"),0)
A9: Despesas pagas | B9: =IFERROR(SUMIFS(Despesas!$H$7:$H$126,Despesas!$C$7:$C$126,">="&$B$4,Despesas!$C$7:$C$126,"<="&$D$4,Despesas!$I$7:$I$126,"Paga"),0) | C9: Cancelados no período | D9: =IFERROR(COUNTIFS(Atendimentos!$B$7:$B$126,">="&$B$4,Atendimentos!$B$7:$B$126,"<="&$D$4,Atendimentos!$G$7:$G$126,"Cancelado"),0) | E9: Despesas previstas vencidas | F9: =IFERROR(COUNTIFS(Despesas!$I$7:$I$126,"Prevista",Despesas!$B$7:$B$126,"<"&TODAY()),0)
A10: Saldo simples do período | B10: =IF(OR($B$4="",$D$4=""),"",$B$8-$B$9) | C10: Ticket médio concluído | D10: =IFERROR($B$7/$D$8,"") | E10: Saldo a receber em conferência | F10: =IFERROR(MAX(0,SUMIFS(Atendimentos!$K$7:$K$126,Atendimentos!$B$7:$B$126,">="&$B$4,Atendimentos!$B$7:$B$126,"<="&$D$4,Atendimentos!$G$7:$G$126,"Concluído")-SUMIFS(Atendimentos!$L$7:$L$126,Atendimentos!$B$7:$B$126,">="&$B$4,Atendimentos!$B$7:$B$126,"<="&$D$4,Atendimentos!$G$7:$G$126,"Concluído")),0)
A13: Alertas para conferência
A14: Agendamentos vencidos | B14: =IFERROR(COUNTIF(Atendimentos!$N$7:$N$126,"Conferir agendamento vencido"),0) | C14: Itens para repor | D14: =F8 | E14: Despesas vencidas | F14: =F9
A15: Agenda nos próximos dias | B15: =IFERROR(COUNTIFS(Atendimentos!$G$7:$G$126,"Agendado",Atendimentos!$B$7:$B$126,">="&TODAY(),Atendimentos!$B$7:$B$126,"<="&TODAY()+'Parâmetros'!$B$7),0) | C15: Registros com alerta | D15: =IFERROR(COUNTIF(Atendimentos!$N$7:$N$126,"Conferir*")+COUNTIF(Despesas!$J$7:$J$126,"Conferir*")+COUNTIF(Estoque!$K$7:$K$126,"Conferir*"),0) | E15: Recebível em conferência | F15: =F10
A18: Profissional fictício | B18: Concluídos | C18: Faturamento | D18: Ticket médio
A19: =IF('Parâmetros'!$D$5="","",'Parâmetros'!$D$5) | B19: =IF($A19="","",IFERROR(COUNTIFS(Atendimentos!$F$7:$F$126,$A19,Atendimentos!$G$7:$G$126,"Concluído",Atendimentos!$B$7:$B$126,">="&$B$4,Atendimentos!$B$7:$B$126,"<="&$D$4),0)) | C19: =IF($A19="","",IFERROR(SUMIFS(Atendimentos!$K$7:$K$126,Atendimentos!$F$7:$F$126,$A19,Atendimentos!$G$7:$G$126,"Concluído",Atendimentos!$B$7:$B$126,">="&$B$4,Atendimentos!$B$7:$B$126,"<="&$D$4),0)) | D19: =IF($A19="","",IFERROR($C19/$B19,""))
A20: =IF('Parâmetros'!$D$6="","",'Parâmetros'!$D$6) | B20: =IF($A20="","",IFERROR(COUNTIFS(Atendimentos!$F$7:$F$126,$A20,Atendimentos!$G$7:$G$126,"Concluído",Atendimentos!$B$7:$B$126,">="&$B$4,Atendimentos!$B$7:$B$126,"<="&$D$4),0)) | C20: =IF($A20="","",IFERROR(SUMIFS(Atendimentos!$K$7:$K$126,Atendimentos!$F$7:$F$126,$A20,Atendimentos!$G$7:$G$126,"Concluído",Atendimentos!$B$7:$B$126,">="&$B$4,Atendimentos!$B$7:$B$126,"<="&$D$4),0)) | D20: =IF($A20="","",IFERROR($C20/$B20,""))
A21: =IF('Parâmetros'!$D$7="","",'Parâmetros'!$D$7) | B21: =IF($A21="","",IFERROR(COUNTIFS(Atendimentos!$F$7:$F$126,$A21,Atendimentos!$G$7:$G$126,"Concluído",Atendimentos!$B$7:$B$126,">="&$B$4,Atendimentos!$B$7:$B$126,"<="&$D$4),0)) | C21: =IF($A21="","",IFERROR(SUMIFS(Atendimentos!$K$7:$K$126,Atendimentos!$F$7:$F$126,$A21,Atendimentos!$G$7:$G$126,"Concluído",Atendimentos!$B$7:$B$126,">="&$B$4,Atendimentos!$B$7:$B$126,"<="&$D$4),0)) | D21: =IF($A21="","",IFERROR($C21/$B21,""))
A22: =IF('Parâmetros'!$D$8="","",'Parâmetros'!$D$8) | B22: =IF($A22="","",IFERROR(COUNTIFS(Atendimentos!$F$7:$F$126,$A22,Atendimentos!$G$7:$G$126,"Concluído",Atendimentos!$B$7:$B$126,">="&$B$4,Atendimentos!$B$7:$B$126,"<="&$D$4),0)) | C22: =IF($A22="","",IFERROR(SUMIFS(Atendimentos!$K$7:$K$126,Atendimentos!$F$7:$F$126,$A22,Atendimentos!$G$7:$G$126,"Concluído",Atendimentos!$B$7:$B$126,">="&$B$4,Atendimentos!$B$7:$B$126,"<="&$D$4),0)) | D22: =IF($A22="","",IFERROR($C22/$B22,""))
A23: =IF('Parâmetros'!$D$9="","",'Parâmetros'!$D$9) | B23: =IF($A23="","",IFERROR(COUNTIFS(Atendimentos!$F$7:$F$126,$A23,Atendimentos!$G$7:$G$126,"Concluído",Atendimentos!$B$7:$B$126,">="&$B$4,Atendimentos!$B$7:$B$126,"<="&$D$4),0)) | C23: =IF($A23="","",IFERROR(SUMIFS(Atendimentos!$K$7:$K$126,Atendimentos!$F$7:$F$126,$A23,Atendimentos!$G$7:$G$126,"Concluído",Atendimentos!$B$7:$B$126,">="&$B$4,Atendimentos!$B$7:$B$126,"<="&$D$4),0)) | D23: =IF($A23="","",IFERROR($C23/$B23,""))
A24: =IF('Parâmetros'!$D$10="","",'Parâmetros'!$D$10) | B24: =IF($A24="","",IFERROR(COUNTIFS(Atendimentos!$F$7:$F$126,$A24,Atendimentos!$G$7:$G$126,"Concluído",Atendimentos!$B$7:$B$126,">="&$B$4,Atendimentos!$B$7:$B$126,"<="&$D$4),0)) | C24: =IF($A24="","",IFERROR(SUMIFS(Atendimentos!$K$7:$K$126,Atendimentos!$F$7:$F$126,$A24,Atendimentos!$G$7:$G$126,"Concluído",Atendimentos!$B$7:$B$126,">="&$B$4,Atendimentos!$B$7:$B$126,"<="&$D$4),0)) | D24: =IF($A24="","",IFERROR($C24/$B24,""))

Sheet Atendimentos
A1: Atendimentos e agenda
A2: Registre apenas referências fictícias. Campos em rosa são editáveis; mensagens de conferência não executam ações externas.
B4: Data mínima | C4: ='Parâmetros'!$B$8 | D4: Data máxima | E4: ='Parâmetros'!$B$9 | F4: Qtd. máxima | G4: ='Parâmetros'!$B$10 | H4: Valor máximo | I4: ='Parâmetros'!$B$11
A6: ID atendimento | B6: Data | C6: Hora | D6: Cliente fictício | E6: Serviço | F6: Profissional fictício | G6: Status | H6: Quantidade | I6: Valor unitário | J6: Desconto | K6: Total previsto | L6: Valor recebido | M6: Forma de pagamento | N6: Conferência
A7: ATD-001 | B7: 46266 | C7: 0.375 | D7: Cliente fictício 001 | E7: Corte feminino | F7: Profissional fictício Alfa | G7: Concluído | H7: 1 | I7: 90 | J7: 0 | K7: =IF(OR($A7="",$H7="",$I7=""),"",IFERROR(MAX(0,$H7*$I7-IF($J7="",0,$J7)),"")) | L7: 90 | M7: Pix | N7: =IF($A7="","",IF(OR($B7="",$G7="",$H7="",$I7=""),"Conferir dados do atendimento",IF($L7>$K7,"Conferir valor recebido",IF(AND($G7="Concluído",$L7<$K7),"Conferir saldo a receber",IF(AND($G7="Agendado",$B7<TODAY()),"Conferir agendamento vencido",IF(AND($G7="Cancelado",$L7>0),"Conferir cancelamento",""))))))
A8: ATD-002 | B8: 46267 | C8: 0.4375 | D8: Cliente fictício 002 | E8: Escova | F8: Profissional fictício Beta | G8: Concluído | H8: 1 | I8: 75 | J8: 0 | K8: =IF(OR($A8="",$H8="",$I8=""),"",IFERROR(MAX(0,$H8*$I8-IF($J8="",0,$J8)),"")) | L8: 75 | M8: Cartão | N8: =IF($A8="","",IF(OR($B8="",$G8="",$H8="",$I8=""),"Conferir dados do atendimento",IF($L8>$K8,"Conferir valor recebido",IF(AND($G8="Concluído",$L8<$K8),"Conferir saldo a receber",IF(AND($G8="Agendado",$B8<TODAY()),"Conferir agendamento vencido",IF(AND($G8="Cancelado",$L8>0),"Conferir cancelamento",""))))))
A9: ATD-003 | B9: 46268 | C9: 0.54166667 | D9: Cliente fictício 003 | E9: Coloração | F9: Profissional fictício Gama | G9: Concluído | H9: 1 | I9: 180 | J9: 20 | K9: =IF(OR($A9="",$H9="",$I9=""),"",IFERROR(MAX(0,$H9*$I9-IF($J9="",0,$J9)),"")) | L9: 160 | M9: Pix | N9: =IF($A9="","",IF(OR($B9="",$G9="",$H9="",$I9=""),"Conferir dados do atendimento",IF($L9>$K9,"Conferir valor recebido",IF(AND($G9="Concluído",$L9<$K9),"Conferir saldo a receber",IF(AND($G9="Agendado",$B9<TODAY()),"Conferir agendamento vencido",IF(AND($G9="Cancelado",$L9>0),"Conferir cancelamento",""))))))
A10: ATD-004 | B10: 46269 | C10: 0.625 | D10: Cliente fictício 004 | E10: Manicure | F10: Profissional fictício Delta | G10: Cancelado | H10: 1 | I10: 55 | J10: 0 | K10: =IF(OR($A10="",$H10="",$I10=""),"",IFERROR(MAX(0,$H10*$I10-IF($J10="",0,$J10)),"")) | M10: A definir | N10: =IF($A10="","",IF(OR($B10="",$G10="",$H10="",$I10=""),"Conferir dados do atendimento",IF($L10>$K10,"Conferir valor recebido",IF(AND($G10="Concluído",$L10<$K10),"Conferir saldo a receber",IF(AND($G10="Agendado",$B10<TODAY()),"Conferir agendamento vencido",IF(AND($G10="Cancelado",$L10>0),"Conferir cancelamento",""))))))
A11: ATD-005 | B11: 46270 | C11: 0.39583333 | D11: Cliente fictício 005 | E11: Pedicure | F11: Profissional fictício Delta | G11: Concluído | H11: 1 | I11: 55 | J11: 0 | K11: =IF(OR($A11="",$H11="",$I11=""),"",IFERROR(MAX(0,$H11*$I11-IF($J11="",0,$J11)),"")) | L11: 30 | M11: Dinheiro | N11: =IF($A11="","",IF(OR($B11="",$G11="",$H11="",$I11=""),"Conferir dados do atendimento",IF($L11>$K11,"Conferir valor recebido",IF(AND($G11="Concluído",$L11<$K11),"Conferir saldo a receber",IF(AND($G11="Agendado",$B11<TODAY()),"Conferir agendamento vencido",IF(AND($G11="Cancelado",$L11>0),"Conferir cancelamento",""))))))
A12: ATD-006 | B12: 46272 | C12: 0.45833333 | D12: Cliente fictício 006 | E12: Barba | F12: Profissional fictício Épsilon | G12: Concluído | H12: 2 | I12: 45 | J12: 0 | K12: =IF(OR($A12="",$H12="",$I12=""),"",IFERROR(MAX(0,$H12*$I12-IF($J12="",0,$J12)),"")) | L12: 90 | M12: Cartão | N12: =IF($A12="","",IF(OR($B12="",$G12="",$H12="",$I12=""),"Conferir dados do atendimento",IF($L12>$K12,"Conferir valor recebido",IF(AND($G12="Concluído",$L12<$K12),"Conferir saldo a receber",IF(AND($G12="Agendado",$B12<TODAY()),"Conferir agendamento vencido",IF(AND($G12="Cancelado",$L12>0),"Conferir cancelamento",""))))))
A13: ATD-007 | B13: 46273 | C13: 0.58333333 | D13: Cliente fictício 007 | E13: Hidratação capilar | F13: Profissional fictício Alfa | G13: Agendado | H13: 1 | I13: 130 | J13: 0 | K13: =IF(OR($A13="",$H13="",$I13=""),"",IFERROR(MAX(0,$H13*$I13-IF($J13="",0,$J13)),"")) | M13: A definir | N13: =IF($A13="","",IF(OR($B13="",$G13="",$H13="",$I13=""),"Conferir dados do atendimento",IF($L13>$K13,"Conferir valor recebido",IF(AND($G13="Concluído",$L13<$K13),"Conferir saldo a receber",IF(AND($G13="Agendado",$B13<TODAY()),"Conferir agendamento vencido",IF(AND($G13="Cancelado",$L13>0),"Conferir cancelamento",""))))))
A14: ATD-008 | B14: 46274 | C14: 0.41666667 | D14: Cliente fictício 008 | E14: Design de sobrancelhas | F14: Profissional fictício Zeta | G14: Agendado | H14: 1 | I14: 60 | J14: 0 | K14: =IF(OR($A14="",$H14="",$I14=""),"",IFERROR(MAX(0,$H14*$I14-IF($J14="",0,$J14)),"")) | M14: A definir | N14: =IF($A14="","",IF(OR($B14="",$G14="",$H14="",$I14=""),"Conferir dados do atendimento",IF($L14>$K14,"Conferir valor recebido",IF(AND($G14="Concluído",$L14<$K14),"Conferir saldo a receber",IF(AND($G14="Agendado",$B14<TODAY()),"Conferir agendamento vencido",IF(AND($G14="Cancelado",$L14>0),"Conferir cancelamento",""))))))
A15: ATD-009 | B15: 46276 | C15: 0.66666667 | D15: Cliente fictício 009 | E15: Corte feminino | F15: Profissional fictício Beta | G15: Agendado | H15: 1 | I15: 95 | J15: 5 | K15: =IF(OR($A15="",$H15="",$I15=""),"",IFERROR(MAX(0,$H15*$I15-IF($J15="",0,$J15)),"")) | M15: A definir | N15: =IF($A15="","",IF(OR($B15="",$G15="",$H15="",$I15=""),"Conferir dados do atendimento",IF($L15>$K15,"Conferir valor recebido",IF(AND($G15="Concluído",$L15<$K15),"Conferir saldo a receber",IF(AND($G15="Agendado",$B15<TODAY()),"Conferir agendamento vencido",IF(AND($G15="Cancelado",$L15>0),"Conferir cancelamento",""))))))
A16: ATD-010 | B16: 46279 | C16: 0.47916667 | D16: Cliente fictício 010 | E16: Manicure | F16: Profissional fictício Delta | G16: Agendado | H16: 1 | I16: 58 | J16: 0 | K16: =IF(OR($A16="",$H16="",$I16=""),"",IFERROR(MAX(0,$H16*$I16-IF($J16="",0,$J16)),"")) | M16: A definir | N16: =IF($A16="","",IF(OR($B16="",$G16="",$H16="",$I16=""),"Conferir dados do atendimento",IF($L16>$K16,"Conferir valor recebido",IF(AND($G16="Concluído",$L16<$K16),"Conferir saldo a receber",IF(AND($G16="Agendado",$B16<TODAY()),"Conferir agendamento vencido",IF(AND($G16="Cancelado",$L16>0),"Conferir cancelamento",""))))))
K17: =IF(OR($A17="",$H17="",$I17=""),"",IFERROR(MAX(0,$H17*$I17-IF($J17="",0,$J17)),"")) | N17: =IF($A17="","",IF(OR($B17="",$G17="",$H17="",$I17=""),"Conferir dados do atendimento",IF($L17>$K17,"Conferir valor recebido",IF(AND($G17="Concluído",$L17<$K17),"Conferir saldo a receber",IF(AND($G17="Agendado",$B17<TODAY()),"Conferir agendamento vencido",IF(AND($G17="Cancelado",$L17>0),"Conferir cancelamento",""))))))
K18: =IF(OR($A18="",$H18="",$I18=""),"",IFERROR(MAX(0,$H18*$I18-IF($J18="",0,$J18)),"")) | N18: =IF($A18="","",IF(OR($B18="",$G18="",$H18="",$I18=""),"Conferir dados do atendimento",IF($L18>$K18,"Conferir valor recebido",IF(AND($G18="Concluído",$L18<$K18),"Conferir saldo a receber",IF(AND($G18="Agendado",$B18<TODAY()),"Conferir agendamento vencido",IF(AND($G18="Cancelado",$L18>0),"Conferir cancelamento",""))))))
K19: =IF(OR($A19="",$H19="",$I19=""),"",IFERROR(MAX(0,$H19*$I19-IF($J19="",0,$J19)),"")) | N19: =IF($A19="","",IF(OR($B19="",$G19="",$H19="",$I19=""),"Conferir dados do atendimento",IF($L19>$K19,"Conferir valor recebido",IF(AND($G19="Concluído",$L19<$K19),"Conferir saldo a receber",IF(AND($G19="Agendado",$B19<TODAY()),"Conferir agendamento vencido",IF(AND($G19="Cancelado",$L19>0),"Conferir cancelamento",""))))))
K20: =IF(OR($A20="",$H20="",$I20=""),"",IFERROR(MAX(0,$H20*$I20-IF($J20="",0,$J20)),"")) | N20: =IF($A20="","",IF(OR($B20="",$G20="",$H20="",$I20=""),"Conferir dados do atendimento",IF($L20>$K20,"Conferir valor recebido",IF(AND($G20="Concluído",$L20<$K20),"Conferir saldo a receber",IF(AND($G20="Agendado",$B20<TODAY()),"Conferir agendamento vencido",IF(AND($G20="Cancelado",$L20>0),"Conferir cancelamento",""))))))
K21: =IF(OR($A21="",$H21="",$I21=""),"",IFERROR(MAX(0,$H21*$I21-IF($J21="",0,$J21)),"")) | N21: =IF($A21="","",IF(OR($B21="",$G21="",$H21="",$I21=""),"Conferir dados do atendimento",IF($L21>$K21,"Conferir valor recebido",IF(AND($G21="Concluído",$L21<$K21),"Conferir saldo a receber",IF(AND($G21="Agendado",$B21<TODAY()),"Conferir agendamento vencido",IF(AND($G21="Cancelado",$L21>0),"Conferir cancelamento",""))))))
K22: =IF(OR($A22="",$H22="",$I22=""),"",IFERROR(MAX(0,$H22*$I22-IF($J22="",0,$J22)),"")) | N22: =IF($A22="","",IF(OR($B22="",$G22="",$H22="",$I22=""),"Conferir dados do atendimento",IF($L22>$K22,"Conferir valor recebido",IF(AND($G22="Concluído",$L22<$K22),"Conferir saldo a receber",IF(AND($G22="Agendado",$B22<TODAY()),"Conferir agendamento vencido",IF(AND($G22="Cancelado",$L22>0),"Conferir cancelamento",""))))))
K23: =IF(OR($A23="",$H23="",$I23=""),"",IFERROR(MAX(0,$H23*$I23-IF($J23="",0,$J23)),"")) | N23: =IF($A23="","",IF(OR($B23="",$G23="",$H23="",$I23=""),"Conferir dados do atendimento",IF($L23>$K23,"Conferir valor recebido",IF(AND($G23="Concluído",$L23<$K23),"Conferir saldo a receber",IF(AND($G23="Agendado",$B23<TODAY()),"Conferir agendamento vencido",IF(AND($G23="Cancelado",$L23>0),"Conferir cancelamento",""))))))
K24: =IF(OR($A24="",$H24="",$I24=""),"",IFERROR(MAX(0,$H24*$I24-IF($J24="",0,$J24)),"")) | N24: =IF($A24="","",IF(OR($B24="",$G24="",$H24="",$I24=""),"Conferir dados do atendimento",IF($L24>$K24,"Conferir valor recebido",IF(AND($G24="Concluído",$L24<$K24),"Conferir saldo a receber",IF(AND($G24="Agendado",$B24<TODAY()),"Conferir agendamento vencido",IF(AND($G24="Cancelado",$L24>0),"Conferir cancelamento",""))))))
K25: =IF(OR($A25="",$H25="",$I25=""),"",IFERROR(MAX(0,$H25*$I25-IF($J25="",0,$J25)),"")) | N25: =IF($A25="","",IF(OR($B25="",$G25="",$H25="",$I25=""),"Conferir dados do atendimento",IF($L25>$K25,"Conferir valor recebido",IF(AND($G25="Concluído",$L25<$K25),"Conferir saldo a receber",IF(AND($G25="Agendado",$B25<TODAY()),"Conferir agendamento vencido",IF(AND($G25="Cancelado",$L25>0),"Conferir cancelamento",""))))))
K26: =IF(OR($A26="",$H26="",$I26=""),"",IFERROR(MAX(0,$H26*$I26-IF($J26="",0,$J26)),"")) | N26: =IF($A26="","",IF(OR($B26="",$G26="",$H26="",$I26=""),"Conferir dados do atendimento",IF($L26>$K26,"Conferir valor recebido",IF(AND($G26="Concluído",$L26<$K26),"Conferir saldo a receber",IF(AND($G26="Agendado",$B26<TODAY()),"Conferir agendamento vencido",IF(AND($G26="Cancelado",$L26>0),"Conferir cancelamento",""))))))
K27: =IF(OR($A27="",$H27="",$I27=""),"",IFERROR(MAX(0,$H27*$I27-IF($J27="",0,$J27)),"")) | N27: =IF($A27="","",IF(OR($B27="",$G27="",$H27="",$I27=""),"Conferir dados do atendimento",IF($L27>$K27,"Conferir valor recebido",IF(AND($G27="Concluído",$L27<$K27),"Conferir saldo a receber",IF(AND($G27="Agendado",$B27<TODAY()),"Conferir agendamento vencido",IF(AND($G27="Cancelado",$L27>0),"Conferir cancelamento",""))))))
K28: =IF(OR($A28="",$H28="",$I28=""),"",IFERROR(MAX(0,$H28*$I28-IF($J28="",0,$J28)),"")) | N28: =IF($A28="","",IF(OR($B28="",$G28="",$H28="",$I28=""),"Conferir dados do atendimento",IF($L28>$K28,"Conferir valor recebido",IF(AND($G28="Concluído",$L28<$K28),"Conferir saldo a receber",IF(AND($G28="Agendado",$B28<TODAY()),"Conferir agendamento vencido",IF(AND($G28="Cancelado",$L28>0),"Conferir cancelamento",""))))))
... K126: =IF(OR($A126="",$H126="",$I126=""),"",IFERROR(MAX(0,$H126*$I126-IF($J126="",0,$J126)),"")) | N126: =IF($A126="","",IF(OR($B126="",$G126="",$H126="",$I126=""),"Conferir dados do atendimento",IF($L126>$K126,"Conferir valor recebido",IF(AND($G126="Concluído",$L126<$K126),"Conferir saldo a receber",IF(AND($G126="Agendado",$B126<TODAY()),"Conferir agendamento vencido",IF(AND($G126="Cancelado",$L126>0),"Conferir cancelamento",""))))))

Sheet Despesas
A1: Despesas
A2: Registre previsões e pagamentos sem finalidade fiscal. Campos em rosa são editáveis e os alertas pedem apenas conferência.
B4: Data mínima | C4: ='Parâmetros'!$B$8 | D4: Data máxima | E4: ='Parâmetros'!$B$9 | F4: Valor máximo | G4: ='Parâmetros'!$B$11
A6: ID despesa | B6: Vencimento | C6: Data de pagamento | D6: Categoria | E6: Descrição | F6: Fornecedor fictício | G6: Valor previsto | H6: Valor pago | I6: Status | J6: Conferência
A7: DES-001 | B7: 46267 | C7: 46268 | D7: Produtos | E7: Reposição de xampus | F7: Fornecedor fictício A | G7: 420 | H7: 420 | I7: Paga | J7: =IF($A7="","",IF(OR($B7="",$G7="",$I7=""),"Conferir dados da despesa",IF(AND($I7="Paga",$C7=""),"Conferir data de pagamento",IF(AND($I7="Paga",$H7<$G7),"Conferir valor pago",IF(AND($I7="Prevista",$B7<TODAY()),"Conferir vencimento",IF(AND($I7="Cancelada",$H7>0),"Conferir cancelamento",""))))))
A8: DES-002 | B8: 46268 | C8: 46268 | D8: Aluguel | E8: Uso mensal do espaço | F8: Fornecedor fictício B | G8: 2800 | H8: 2800 | I8: Paga | J8: =IF($A8="","",IF(OR($B8="",$G8="",$I8=""),"Conferir dados da despesa",IF(AND($I8="Paga",$C8=""),"Conferir data de pagamento",IF(AND($I8="Paga",$H8<$G8),"Conferir valor pago",IF(AND($I8="Prevista",$B8<TODAY()),"Conferir vencimento",IF(AND($I8="Cancelada",$H8>0),"Conferir cancelamento",""))))))
A9: DES-003 | B9: 46269 | C9: 46270 | D9: Manutenção | E9: Revisão de equipamentos | F9: Fornecedor fictício C | G9: 300 | H9: 280 | I9: Paga | J9: =IF($A9="","",IF(OR($B9="",$G9="",$I9=""),"Conferir dados da despesa",IF(AND($I9="Paga",$C9=""),"Conferir data de pagamento",IF(AND($I9="Paga",$H9<$G9),"Conferir valor pago",IF(AND($I9="Prevista",$B9<TODAY()),"Conferir vencimento",IF(AND($I9="Cancelada",$H9>0),"Conferir cancelamento",""))))))
A10: DES-004 | B10: 46271 | D10: Utilidades | E10: Consumo de energia | F10: Fornecedor fictício D | G10: 640 | I10: Prevista | J10: =IF($A10="","",IF(OR($B10="",$G10="",$I10=""),"Conferir dados da despesa",IF(AND($I10="Paga",$C10=""),"Conferir data de pagamento",IF(AND($I10="Paga",$H10<$G10),"Conferir valor pago",IF(AND($I10="Prevista",$B10<TODAY()),"Conferir vencimento",IF(AND($I10="Cancelada",$H10>0),"Conferir cancelamento",""))))))
A11: DES-005 | B11: 46275 | D11: Produtos | E11: Materiais para manicure | F11: Fornecedor fictício E | G11: 350 | I11: Prevista | J11: =IF($A11="","",IF(OR($B11="",$G11="",$I11=""),"Conferir dados da despesa",IF(AND($I11="Paga",$C11=""),"Conferir data de pagamento",IF(AND($I11="Paga",$H11<$G11),"Conferir valor pago",IF(AND($I11="Prevista",$B11<TODAY()),"Conferir vencimento",IF(AND($I11="Cancelada",$H11>0),"Conferir cancelamento",""))))))
A12: DES-006 | B12: 46278 | D12: Marketing | E12: Material impresso fictício | F12: Fornecedor fictício F | G12: 240 | I12: Prevista | J12: =IF($A12="","",IF(OR($B12="",$G12="",$I12=""),"Conferir dados da despesa",IF(AND($I12="Paga",$C12=""),"Conferir data de pagamento",IF(AND($I12="Paga",$H12<$G12),"Conferir valor pago",IF(AND($I12="Prevista",$B12<TODAY()),"Conferir vencimento",IF(AND($I12="Cancelada",$H12>0),"Conferir cancelamento",""))))))
A13: DES-007 | B13: 46281 | D13: Limpeza | E13: Materiais de limpeza | F13: Fornecedor fictício G | G13: 180 | I13: Prevista | J13: =IF($A13="","",IF(OR($B13="",$G13="",$I13=""),"Conferir dados da despesa",IF(AND($I13="Paga",$C13=""),"Conferir data de pagamento",IF(AND($I13="Paga",$H13<$G13),"Conferir valor pago",IF(AND($I13="Prevista",$B13<TODAY()),"Conferir vencimento",IF(AND($I13="Cancelada",$H13>0),"Conferir cancelamento",""))))))
A14: DES-008 | B14: 46270 | D14: Outros | E14: Compra cancelada | F14: Fornecedor fictício H | G14: 150 | H14: 0 | I14: Cancelada | J14: =IF($A14="","",IF(OR($B14="",$G14="",$I14=""),"Conferir dados da despesa",IF(AND($I14="Paga",$C14=""),"Conferir data de pagamento",IF(AND($I14="Paga",$H14<$G14),"Conferir valor pago",IF(AND($I14="Prevista",$B14<TODAY()),"Conferir vencimento",IF(AND($I14="Cancelada",$H14>0),"Conferir cancelamento",""))))))
A15: DES-009 | B15: 46272 | C15: 46272 | D15: Internet | E15: Serviço mensal de internet | F15: Fornecedor fictício I | G15: 130 | H15: 130 | I15: Paga | J15: =IF($A15="","",IF(OR($B15="",$G15="",$I15=""),"Conferir dados da despesa",IF(AND($I15="Paga",$C15=""),"Conferir data de pagamento",IF(AND($I15="Paga",$H15<$G15),"Conferir valor pago",IF(AND($I15="Prevista",$B15<TODAY()),"Conferir vencimento",IF(AND($I15="Cancelada",$H15>0),"Conferir cancelamento",""))))))
A16: DES-010 | B16: 46283 | D16: Capacitação | E16: Oficina interna fictícia | F16: Fornecedor fictício J | G16: 500 | I16: Prevista | J16: =IF($A16="","",IF(OR($B16="",$G16="",$I16=""),"Conferir dados da despesa",IF(AND($I16="Paga",$C16=""),"Conferir data de pagamento",IF(AND($I16="Paga",$H16<$G16),"Conferir valor pago",IF(AND($I16="Prevista",$B16<TODAY()),"Conferir vencimento",IF(AND($I16="Cancelada",$H16>0),"Conferir cancelamento",""))))))
J17: =IF($A17="","",IF(OR($B17="",$G17="",$I17=""),"Conferir dados da despesa",IF(AND($I17="Paga",$C17=""),"Conferir data de pagamento",IF(AND($I17="Paga",$H17<$G17),"Conferir valor pago",IF(AND($I17="Prevista",$B17<TODAY()),"Conferir vencimento",IF(AND($I17="Cancelada",$H17>0),"Conferir cancelamento",""))))))
J18: =IF($A18="","",IF(OR($B18="",$G18="",$I18=""),"Conferir dados da despesa",IF(AND($I18="Paga",$C18=""),"Conferir data de pagamento",IF(AND($I18="Paga",$H18<$G18),"Conferir valor pago",IF(AND($I18="Prevista",$B18<TODAY()),"Conferir vencimento",IF(AND($I18="Cancelada",$H18>0),"Conferir cancelamento",""))))))
J19: =IF($A19="","",IF(OR($B19="",$G19="",$I19=""),"Conferir dados da despesa",IF(AND($I19="Paga",$C19=""),"Conferir data de pagamento",IF(AND($I19="Paga",$H19<$G19),"Conferir valor pago",IF(AND($I19="Prevista",$B19<TODAY()),"Conferir vencimento",IF(AND($I19="Cancelada",$H19>0),"Conferir cancelamento",""))))))
J20: =IF($A20="","",IF(OR($B20="",$G20="",$I20=""),"Conferir dados da despesa",IF(AND($I20="Paga",$C20=""),"Conferir data de pagamento",IF(AND($I20="Paga",$H20<$G20),"Conferir valor pago",IF(AND($I20="Prevista",$B20<TODAY()),"Conferir vencimento",IF(AND($I20="Cancelada",$H20>0),"Conferir cancelamento",""))))))
J21: =IF($A21="","",IF(OR($B21="",$G21="",$I21=""),"Conferir dados da despesa",IF(AND($I21="Paga",$C21=""),"Conferir data de pagamento",IF(AND($I21="Paga",$H21<$G21),"Conferir valor pago",IF(AND($I21="Prevista",$B21<TODAY()),"Conferir vencimento",IF(AND($I21="Cancelada",$H21>0),"Conferir cancelamento",""))))))
J22: =IF($A22="","",IF(OR($B22="",$G22="",$I22=""),"Conferir dados da despesa",IF(AND($I22="Paga",$C22=""),"Conferir data de pagamento",IF(AND($I22="Paga",$H22<$G22),"Conferir valor pago",IF(AND($I22="Prevista",$B22<TODAY()),"Conferir vencimento",IF(AND($I22="Cancelada",$H22>0),"Conferir cancelamento",""))))))
J23: =IF($A23="","",IF(OR($B23="",$G23="",$I23=""),"Conferir dados da despesa",IF(AND($I23="Paga",$C23=""),"Conferir data de pagamento",IF(AND($I23="Paga",$H23<$G23),"Conferir valor pago",IF(AND($I23="Prevista",$B23<TODAY()),"Conferir vencimento",IF(AND($I23="Cancelada",$H23>0),"Conferir cancelamento",""))))))
J24: =IF($A24="","",IF(OR($B24="",$G24="",$I24=""),"Conferir dados da despesa",IF(AND($I24="Paga",$C24=""),"Conferir data de pagamento",IF(AND($I24="Paga",$H24<$G24),"Conferir valor pago",IF(AND($I24="Prevista",$B24<TODAY()),"Conferir vencimento",IF(AND($I24="Cancelada",$H24>0),"Conferir cancelamento",""))))))
J25: =IF($A25="","",IF(OR($B25="",$G25="",$I25=""),"Conferir dados da despesa",IF(AND($I25="Paga",$C25=""),"Conferir data de pagamento",IF(AND($I25="Paga",$H25<$G25),"Conferir valor pago",IF(AND($I25="Prevista",$B25<TODAY()),"Conferir vencimento",IF(AND($I25="Cancelada",$H25>0),"Conferir cancelamento",""))))))
J26: =IF($A26="","",IF(OR($B26="",$G26="",$I26=""),"Conferir dados da despesa",IF(AND($I26="Paga",$C26=""),"Conferir data de pagamento",IF(AND($I26="Paga",$H26<$G26),"Conferir valor pago",IF(AND($I26="Prevista",$B26<TODAY()),"Conferir vencimento",IF(AND($I26="Cancelada",$H26>0),"Conferir cancelamento",""))))))
J27: =IF($A27="","",IF(OR($B27="",$G27="",$I27=""),"Conferir dados da despesa",IF(AND($I27="Paga",$C27=""),"Conferir data de pagamento",IF(AND($I27="Paga",$H27<$G27),"Conferir valor pago",IF(AND($I27="Prevista",$B27<TODAY()),"Conferir vencimento",IF(AND($I27="Cancelada",$H27>0),"Conferir cancelamento",""))))))
J28: =IF($A28="","",IF(OR($B28="",$G28="",$I28=""),"Conferir dados da despesa",IF(AND($I28="Paga",$C28=""),"Conferir data de pagamento",IF(AND($I28="Paga",$H28<$G28),"Conferir valor pago",IF(AND($I28="Prevista",$B28<TODAY()),"Conferir vencimento",IF(AND($I28="Cancelada",$H28>0),"Conferir cancelamento",""))))))
... J126: =IF($A126="","",IF(OR($B126="",$G126="",$I126=""),"Conferir dados da despesa",IF(AND($I126="Paga",$C126=""),"Conferir data de pagamento",IF(AND($I126="Paga",$H126<$G126),"Conferir valor pago",IF(AND($I126="Prevista",$B126<TODAY()),"Conferir vencimento",IF(AND($I126="Cancelada",$H126>0),"Conferir cancelamento",""))))))

Sheet Estoque
A1: Estoque
A2: Controle simples da posição atual. Quantidades, custos e datas são informados manualmente e devem ser conferidos.
B4: Data mínima | C4: ='Parâmetros'!$B$8 | D4: Data máxima | E4: ='Parâmetros'!$B$9 | F4: Qtd. máxima | G4: ='Parâmetros'!$B$10 | H4: Valor máximo | I4: ='Parâmetros'!$B$11
A6: ID item | B6: Produto | C6: Categoria | D6: Unidade | E6: Quantidade atual | F6: Estoque mínimo | G6: Custo unitário | H6: Valor em estoque | I6: Última conferência | J6: Status | K6: Conferência
A7: EST-001 | B7: Xampu neutro fictício | C7: Cabelo | D7: un. | E7: 8 | F7: 5 | G7: 28 | H7: =IF(OR($A7="",$E7="",$G7=""),"",IFERROR($E7*$G7,"")) | I7: 46268 | J7: =IF(OR($A7="",$E7="",$F7=""),"",IF($E7<=$F7,"Repor","OK")) | K7: =IF($A7="","",IF(OR($E7="",$F7="",$G7=""),"Conferir dados do item",IF($J7="Repor","Conferir reposição",IF($I7="","Conferir contagem",IF($I7>TODAY(),"Conferir data",IF(TODAY()-$I7>'Parâmetros'!$B$12,"Conferir contagem",""))))))
A8: EST-002 | B8: Condicionador fictício | C8: Cabelo | D8: un. | E8: 4 | F8: 5 | G8: 31 | H8: =IF(OR($A8="",$E8="",$G8=""),"",IFERROR($E8*$G8,"")) | I8: 46268 | J8: =IF(OR($A8="",$E8="",$F8=""),"",IF($E8<=$F8,"Repor","OK")) | K8: =IF($A8="","",IF(OR($E8="",$F8="",$G8=""),"Conferir dados do item",IF($J8="Repor","Conferir reposição",IF($I8="","Conferir contagem",IF($I8>TODAY(),"Conferir data",IF(TODAY()-$I8>'Parâmetros'!$B$12,"Conferir contagem",""))))))
A9: EST-003 | B9: Máscara capilar fictícia | C9: Cabelo | D9: un. | E9: 6 | F9: 3 | G9: 42 | H9: =IF(OR($A9="",$E9="",$G9=""),"",IFERROR($E9*$G9,"")) | I9: 46265 | J9: =IF(OR($A9="",$E9="",$F9=""),"",IF($E9<=$F9,"Repor","OK")) | K9: =IF($A9="","",IF(OR($E9="",$F9="",$G9=""),"Conferir dados do item",IF($J9="Repor","Conferir reposição",IF($I9="","Conferir contagem",IF($I9>TODAY(),"Conferir data",IF(TODAY()-$I9>'Parâmetros'!$B$12,"Conferir contagem",""))))))
A10: EST-004 | B10: Esmalte coleção fictícia | C10: Unhas | D10: un. | E10: 18 | F10: 10 | G10: 12 | H10: =IF(OR($A10="",$E10="",$G10=""),"",IFERROR($E10*$G10,"")) | I10: 46269 | J10: =IF(OR($A10="",$E10="",$F10=""),"",IF($E10<=$F10,"Repor","OK")) | K10: =IF($A10="","",IF(OR($E10="",$F10="",$G10=""),"Conferir dados do item",IF($J10="Repor","Conferir reposição",IF($I10="","Conferir contagem",IF($I10>TODAY(),"Conferir data",IF(TODAY()-$I10>'Parâmetros'!$B$12,"Conferir contagem",""))))))
A11: EST-005 | B11: Removedor fictício | C11: Unhas | D11: ml | E11: 900 | F11: 500 | G11: 0.03 | H11: =IF(OR($A11="",$E11="",$G11=""),"",IFERROR($E11*$G11,"")) | I11: 46228 | J11: =IF(OR($A11="",$E11="",$F11=""),"",IF($E11<=$F11,"Repor","OK")) | K11: =IF($A11="","",IF(OR($E11="",$F11="",$G11=""),"Conferir dados do item",IF($J11="Repor","Conferir reposição",IF($I11="","Conferir contagem",IF($I11>TODAY(),"Conferir data",IF(TODAY()-$I11>'Parâmetros'!$B$12,"Conferir contagem",""))))))
A12: EST-006 | B12: Luvas descartáveis fictícias | C12: Descartáveis | D12: par | E12: 20 | F12: 25 | G12: 1.2 | H12: =IF(OR($A12="",$E12="",$G12=""),"",IFERROR($E12*$G12,"")) | I12: 46271 | J12: =IF(OR($A12="",$E12="",$F12=""),"",IF($E12<=$F12,"Repor","OK")) | K12: =IF($A12="","",IF(OR($E12="",$F12="",$G12=""),"Conferir dados do item",IF($J12="Repor","Conferir reposição",IF($I12="","Conferir contagem",IF($I12>TODAY(),"Conferir data",IF(TODAY()-$I12>'Parâmetros'!$B$12,"Conferir contagem",""))))))
A13: EST-007 | B13: Toalha descartável fictícia | C13: Descartáveis | D13: un. | E13: 45 | F13: 30 | G13: 0.8 | H13: =IF(OR($A13="",$E13="",$G13=""),"",IFERROR($E13*$G13,"")) | I13: 46270 | J13: =IF(OR($A13="",$E13="",$F13=""),"",IF($E13<=$F13,"Repor","OK")) | K13: =IF($A13="","",IF(OR($E13="",$F13="",$G13=""),"Conferir dados do item",IF($J13="Repor","Conferir reposição",IF($I13="","Conferir contagem",IF($I13>TODAY(),"Conferir data",IF(TODAY()-$I13>'Parâmetros'!$B$12,"Conferir contagem",""))))))
A14: EST-008 | B14: Óleo para barba fictício | C14: Barbearia | D14: un. | E14: 3 | F14: 4 | G14: 36 | H14: =IF(OR($A14="",$E14="",$G14=""),"",IFERROR($E14*$G14,"")) | I14: 46267 | J14: =IF(OR($A14="",$E14="",$F14=""),"",IF($E14<=$F14,"Repor","OK")) | K14: =IF($A14="","",IF(OR($E14="",$F14="",$G14=""),"Conferir dados do item",IF($J14="Repor","Conferir reposição",IF($I14="","Conferir contagem",IF($I14>TODAY(),"Conferir data",IF(TODAY()-$I14>'Parâmetros'!$B$12,"Conferir contagem",""))))))
A15: EST-009 | B15: Cera modeladora fictícia | C15: Barbearia | D15: un. | E15: 7 | F15: 4 | G15: 29 | H15: =IF(OR($A15="",$E15="",$G15=""),"",IFERROR($E15*$G15,"")) | I15: 46267 | J15: =IF(OR($A15="",$E15="",$F15=""),"",IF($E15<=$F15,"Repor","OK")) | K15: =IF($A15="","",IF(OR($E15="",$F15="",$G15=""),"Conferir dados do item",IF($J15="Repor","Conferir reposição",IF($I15="","Conferir contagem",IF($I15>TODAY(),"Conferir data",IF(TODAY()-$I15>'Parâmetros'!$B$12,"Conferir contagem",""))))))
A16: EST-010 | B16: Algodão fictício | C16: Higiene | D16: g | E16: 1200 | F16: 600 | G16: 0.02 | H16: =IF(OR($A16="",$E16="",$G16=""),"",IFERROR($E16*$G16,"")) | I16: 46263 | J16: =IF(OR($A16="",$E16="",$F16=""),"",IF($E16<=$F16,"Repor","OK")) | K16: =IF($A16="","",IF(OR($E16="",$F16="",$G16=""),"Conferir dados do item",IF($J16="Repor","Conferir reposição",IF($I16="","Conferir contagem",IF($I16>TODAY(),"Conferir data",IF(TODAY()-$I16>'Parâmetros'!$B$12,"Conferir contagem",""))))))
H17: =IF(OR($A17="",$E17="",$G17=""),"",IFERROR($E17*$G17,"")) | J17: =IF(OR($A17="",$E17="",$F17=""),"",IF($E17<=$F17,"Repor","OK")) | K17: =IF($A17="","",IF(OR($E17="",$F17="",$G17=""),"Conferir dados do item",IF($J17="Repor","Conferir reposição",IF($I17="","Conferir contagem",IF($I17>TODAY(),"Conferir data",IF(TODAY()-$I17>'Parâmetros'!$B$12,"Conferir contagem",""))))))
H18: =IF(OR($A18="",$E18="",$G18=""),"",IFERROR($E18*$G18,"")) | J18: =IF(OR($A18="",$E18="",$F18=""),"",IF($E18<=$F18,"Repor","OK")) | K18: =IF($A18="","",IF(OR($E18="",$F18="",$G18=""),"Conferir dados do item",IF($J18="Repor","Conferir reposição",IF($I18="","Conferir contagem",IF($I18>TODAY(),"Conferir data",IF(TODAY()-$I18>'Parâmetros'!$B$12,"Conferir contagem",""))))))
H19: =IF(OR($A19="",$E19="",$G19=""),"",IFERROR($E19*$G19,"")) | J19: =IF(OR($A19="",$E19="",$F19=""),"",IF($E19<=$F19,"Repor","OK")) | K19: =IF($A19="","",IF(OR($E19="",$F19="",$G19=""),"Conferir dados do item",IF($J19="Repor","Conferir reposição",IF($I19="","Conferir contagem",IF($I19>TODAY(),"Conferir data",IF(TODAY()-$I19>'Parâmetros'!$B$12,"Conferir contagem",""))))))
H20: =IF(OR($A20="",$E20="",$G20=""),"",IFERROR($E20*$G20,"")) | J20: =IF(OR($A20="",$E20="",$F20=""),"",IF($E20<=$F20,"Repor","OK")) | K20: =IF($A20="","",IF(OR($E20="",$F20="",$G20=""),"Conferir dados do item",IF($J20="Repor","Conferir reposição",IF($I20="","Conferir contagem",IF($I20>TODAY(),"Conferir data",IF(TODAY()-$I20>'Parâmetros'!$B$12,"Conferir contagem",""))))))
H21: =IF(OR($A21="",$E21="",$G21=""),"",IFERROR($E21*$G21,"")) | J21: =IF(OR($A21="",$E21="",$F21=""),"",IF($E21<=$F21,"Repor","OK")) | K21: =IF($A21="","",IF(OR($E21="",$F21="",$G21=""),"Conferir dados do item",IF($J21="Repor","Conferir reposição",IF($I21="","Conferir contagem",IF($I21>TODAY(),"Conferir data",IF(TODAY()-$I21>'Parâmetros'!$B$12,"Conferir contagem",""))))))
H22: =IF(OR($A22="",$E22="",$G22=""),"",IFERROR($E22*$G22,"")) | J22: =IF(OR($A22="",$E22="",$F22=""),"",IF($E22<=$F22,"Repor","OK")) | K22: =IF($A22="","",IF(OR($E22="",$F22="",$G22=""),"Conferir dados do item",IF($J22="Repor","Conferir reposição",IF($I22="","Conferir contagem",IF($I22>TODAY(),"Conferir data",IF(TODAY()-$I22>'Parâmetros'!$B$12,"Conferir contagem",""))))))
H23: =IF(OR($A23="",$E23="",$G23=""),"",IFERROR($E23*$G23,"")) | J23: =IF(OR($A23="",$E23="",$F23=""),"",IF($E23<=$F23,"Repor","OK")) | K23: =IF($A23="","",IF(OR($E23="",$F23="",$G23=""),"Conferir dados do item",IF($J23="Repor","Conferir reposição",IF($I23="","Conferir contagem",IF($I23>TODAY(),"Conferir data",IF(TODAY()-$I23>'Parâmetros'!$B$12,"Conferir contagem",""))))))
H24: =IF(OR($A24="",$E24="",$G24=""),"",IFERROR($E24*$G24,"")) | J24: =IF(OR($A24="",$E24="",$F24=""),"",IF($E24<=$F24,"Repor","OK")) | K24: =IF($A24="","",IF(OR($E24="",$F24="",$G24=""),"Conferir dados do item",IF($J24="Repor","Conferir reposição",IF($I24="","Conferir contagem",IF($I24>TODAY(),"Conferir data",IF(TODAY()-$I24>'Parâmetros'!$B$12,"Conferir contagem",""))))))
H25: =IF(OR($A25="",$E25="",$G25=""),"",IFERROR($E25*$G25,"")) | J25: =IF(OR($A25="",$E25="",$F25=""),"",IF($E25<=$F25,"Repor","OK")) | K25: =IF($A25="","",IF(OR($E25="",$F25="",$G25=""),"Conferir dados do item",IF($J25="Repor","Conferir reposição",IF($I25="","Conferir contagem",IF($I25>TODAY(),"Conferir data",IF(TODAY()-$I25>'Parâmetros'!$B$12,"Conferir contagem",""))))))
H26: =IF(OR($A26="",$E26="",$G26=""),"",IFERROR($E26*$G26,"")) | J26: =IF(OR($A26="",$E26="",$F26=""),"",IF($E26<=$F26,"Repor","OK")) | K26: =IF($A26="","",IF(OR($E26="",$F26="",$G26=""),"Conferir dados do item",IF($J26="Repor","Conferir reposição",IF($I26="","Conferir contagem",IF($I26>TODAY(),"Conferir data",IF(TODAY()-$I26>'Parâmetros'!$B$12,"Conferir contagem",""))))))
H27: =IF(OR($A27="",$E27="",$G27=""),"",IFERROR($E27*$G27,"")) | J27: =IF(OR($A27="",$E27="",$F27=""),"",IF($E27<=$F27,"Repor","OK")) | K27: =IF($A27="","",IF(OR($E27="",$F27="",$G27=""),"Conferir dados do item",IF($J27="Repor","Conferir reposição",IF($I27="","Conferir contagem",IF($I27>TODAY(),"Conferir data",IF(TODAY()-$I27>'Parâmetros'!$B$12,"Conferir contagem",""))))))
H28: =IF(OR($A28="",$E28="",$G28=""),"",IFERROR($E28*$G28,"")) | J28: =IF(OR($A28="",$E28="",$F28=""),"",IF($E28<=$F28,"Repor","OK")) | K28: =IF($A28="","",IF(OR($E28="",$F28="",$G28=""),"Conferir dados do item",IF($J28="Repor","Conferir reposição",IF($I28="","Conferir contagem",IF($I28>TODAY(),"Conferir data",IF(TODAY()-$I28>'Parâmetros'!$B$12,"Conferir contagem",""))))))
... H126: =IF(OR($A126="",$E126="",$G126=""),"",IFERROR($E126*$G126,"")) | J126: =IF(OR($A126="",$E126="",$F126=""),"",IF($E126<=$F126,"Repor","OK")) | K126: =IF($A126="","",IF(OR($E126="",$F126="",$G126=""),"Conferir dados do item",IF($J126="Repor","Conferir reposição",IF($I126="","Conferir contagem",IF($I126>TODAY(),"Conferir data",IF(TODAY()-$I126>'Parâmetros'!$B$12,"Conferir contagem",""))))))

Sheet Parâmetros
A1: Parâmetros
A2: Edite as premissas e referências em rosa. Limites são operacionais e não representam regra contratual, fiscal ou jurídica.
A4: Premissa ajustável | B4: Valor | D4: Profissionais fictícios | E4: Serviços de referência | F4: Categorias de despesa | G4: Categorias de estoque | H4: Formas de pagamento | I4: Unidades
A5: Início do período do resumo | B5: 46266 | D5: Profissional fictício Alfa | E5: Corte feminino | F5: Produtos | G5: Cabelo | H5: Pix | I5: un.
A6: Fim do período do resumo | B6: 46295 | D6: Profissional fictício Beta | E6: Escova | F6: Aluguel | G6: Unhas | H6: Cartão | I6: ml
A7: Horizonte da agenda em dias | B7: 7 | D7: Profissional fictício Gama | E7: Coloração | F7: Manutenção | G7: Descartáveis | H7: Dinheiro | I7: g
A8: Data mínima de lançamento | B8: 45292 | D8: Profissional fictício Delta | E8: Manicure | F8: Utilidades | G8: Barbearia | H8: Transferência | I8: par
A9: Data máxima de lançamento | B9: 47118 | D9: Profissional fictício Épsilon | E9: Pedicure | F9: Marketing | G9: Higiene | H9: A definir
A10: Quantidade máxima por lançamento | B10: 100000 | D10: Profissional fictício Zeta | E10: Design de sobrancelhas | F10: Limpeza
A11: Valor máximo por lançamento | B11: 1000000 | E11: Hidratação capilar | F11: Outros
A12: Dias para revisar a contagem de estoque | B12: 30 | E12: Barba | F12: Internet
F13: Capacitação
